 Dungeon Crawl Stone Soup version 0.25.1-2-g60ff931df9 (webtiles) character file.

Game seed: 14613747525380240579

174496 KamiKatze the Swashbuckler (level 18, -2/96 HPs)
             Began as a Vine Stalker Fighter on Sept 5, 2020.
             Was a Follower of Uskayaw.
             Slain by a shambling mangrove (17 damage)
             ... on level 3 of the Swamp on Sept 6, 2020.
             The game lasted 02:28:27 (26583 turns).

KamiKatze the Swashbuckler (Vine Stalker Fighter)  Turns: 26583, Time: 02:28:27

Health: -2/96      AC: 31    Str: 26    XL:     18   Next: 7%
Magic:  0/29       EV: 11    Int:  6    God:    Uskayaw [*.....]
Gold:   3967       SH: 13    Dex: 17    Spells: 17/17 levels left

rFire    . . .     SeeInvis .   a - +1 rapier
rCold    + . .     Gourm    .   c - +0 kite shield
rNeg     + . .     Faith    +   t - +4 chain mail "Uhuakem" {rPois}
rPois    +         Spirit   +   I - +2 helmet
rElec    .         Reflect  .   p - +0 cloak
rCorr    .         Harm     .   G - +2 pair of gloves
MR       ++...     Clarity  +   L - +2 pair of boots
Stlth    ..........             Y - amulet of faith
HPRegen  1.06/turn              n - +4 ring of protection
MPRegen  0.21/turn              O - ring of positive energy

@: lethally poisoned (-2 -> -6), about to teleport, grasped by roots,
constricted, studying 2 skills, very slow
A: fangs 3, thin skeletal structure 1, clarity, cold resistance 1, dopey 1,
regeneration 2, magic shield, antimagic bite, no potion heal 3, rot immunity
a: Stomp, Renounce Religion


You were on level 3 of the Swamp.
You worshipped Uskayaw.
Uskayaw was pleased with you.
You were not hungry.

You visited 5 branches of the dungeon, and saw 27 of its levels.
You also visited: Ice Cave.

You collected 5874 gold pieces.
You spent 1907 gold pieces at shops.

Inventory:

Hand Weapons
 a - a +1 rapier (weapon)
Missiles
 b - 13 curare-tipped darts
 h - 129 stones
 k - 42 boomerangs
 s - 78 poisoned darts (quivered)
 z - 2 throwing nets
Armour
 c - a +0 kite shield (worn)
 p - a +0 cloak (worn)
 t - the +4 chain mail "Uhuakem" (worn) {rPois}
   (You found it on level 12 of the Dungeon)

   It protects you from poison.
 G - a +2 pair of gloves (worn)
 I - a +2 helmet (worn)
 L - a +2 pair of boots (worn)
Jewellery
 n - a +4 ring of protection (left hand)
 O - a ring of positive energy (right hand)
 P - an uncursed ring of ice
 R - an uncursed ring of protection from magic
 Y - an amulet of faith (around neck)
Wands
 B - a wand of flame (19)
 C - a wand of iceblast (22)
 D - a wand of polymorph (9)
 F - a wand of paralysis (17)
 N - a wand of disintegration (12)
 Q - a wand of acid (15)
 T - a wand of digging (6)
Scrolls
 e - a scroll of blinking
 i - 13 scrolls of teleportation
 j - a scroll of silence
 o - a scroll of summoning
 u - 7 scrolls of fog
 w - 2 scrolls of fear
 y - 7 scrolls of magic mapping
 A - 2 scrolls of remove curse
 E - 3 scrolls of enchant weapon
 Z - a scroll of identify
Potions
 d - 2 potions of might
 l - 11 potions of curing
 q - a potion of brilliance
 r - 6 potions of lignification
 x - 9 potions of flight
 H - 5 potions of stabbing
 K - a potion of magic
 M - a potion of resistance {unknown}
 V - 2 potions of cancellation
 W - a potion of haste
Books
 v - a manual of Dodging
 X - a manual of Shields
Miscellaneous
 g - a phial of floods
 J - a lightning rod (4/4)
 S - a tin of tremorstones (3/3)
Comestibles
 f - 55 rations
 m - 15 chunks of flesh


   Skills:
 + Level 11.1 Fighting
 - Level 15.0 Short Blades
 + Level 10.3 Armour
 + Level 10.2 Dodging
 + Level 11.7 Shields
 + Level 13.5 Invocations
 - Level 4.0 Evocations


You had 17 spell levels left.
You didn't know any spells.
Your spell library contained the following spells:

 Spells                   Type           Power        Failure   Level  Hunger
 Animate Skeleton         Necr           N/A          98%         1    ##.....
 Beastly Appendage        Tmut           #.....       98%         1    ##.....
 Pain                     Necr           #...         98%         1    ##.....
 Sticks to Snakes         Tmut           #.......     99%         2    ###....
 Confusing Touch          Hex            #.......     100%        3    ####...
 Gell's Gravitas          Tloc           #.........   100%        3    ####...
 Spider Form              Tmut/Pois      #.........   100%        3    ####...
 Static Discharge         Conj/Air       #.......     100%        3    ####...
 Vampiric Draining        Necr           #.........   100%        3    ####...
 Animate Dead             Necr           N/A          100%        4    #####..
 Cause Fear               Hex            #.........   100%        4    #####..
 Ice Form                 Ice/Tmut       #.......     100%        4    #####..
 Petrify                  Tmut/Erth      #.......     100%        4    #####..
 Agony                    Necr           #.......     100%        5    ######.
 Blade Hands              Tmut           #.........   100%        5    ######.
 Irradiate                Conj/Tmut      #.........   100%        5    ######.
 Lightning Bolt           Conj/Air       #.........   100%        5    ######.
 Metabolic Englaciation   Hex/Ice        #.........   100%        5    ######.
 Silence                  Hex/Air        #.........   100%        5    ######.
 Yara's Violent Unravell  Hex/Tmut       #.........   100%        5    ######.
 Hydra Form               Tmut           #.........   100%        6    #######
 Statue Form              Tmut/Erth      #........    100%        6    #######
 Dragon Form              Tmut           #.........   100%        7    #######
 Discord                  Hex            #.........   100%        8    #######
 Ignition                 Fire           #.........   100%        8    #######
 Shatter                  Erth           #.........   100%        9    #######
 Tornado                  Air            #.........   100%        9    #######


Dungeon Overview and Level Annotations

Branches:
Dungeon (15/15)            Temple (1/1) D:4            Lair (6/6) D:11
  Swamp (3/4) Lair:4       Spider (0/4) Lair:4        Slime (0/5) Lair:6
    Orc (2/2) D:10            Elf (0/3) Orc:2        Vaults (0/5) D:13
 Depths (0/5) D:15          IceCv (visited)

Altars:
Ashenzari
Cheibriados
Dithmenos
Elyvilon
Fedhas
Gozag
Hepliaklqana
Kikubaaqudgha
Makhleb
Nemelex Xobeh
Okawaru
Qazlal
Ru
Sif Muna
Trog
Uskayaw
Vehumet
Wu Jian
Xom
Yredelemnul
Zin
The Shining One
Jiyva
Lugonu

Shops:
D:7 ?   Orc:1 (   Orc:2 }*[?

Portals:
Abyss: Lair:1
Pandemonium: Orc:2

Annotations:
D:12 1 runed translucent door
Lair:1 2 transporters, wojtek's ghost, novice MiFi
Lair:3 2 runed translucent doors, exclusion: oklob plant, Viskam's ghost, journeyman DDNe
Lair:6 exclusion: oklob plant
Swamp:3 Nikola


Innate Abilities, Weirdness & Mutations

You have razor-sharp teeth.
You heal very quickly.
When hurt, damage is shared between your health and your magic reserves.
Your bite disrupts and absorbs the magic of your enemies.
Potions cannot restore your health.
You are immune to rotting.
You have a somewhat thin skeletal structure. (Dex +2, Stealth)
You possess an exceptional clarity of mind.
Your flesh is cold resistant. (rC+)
You are dopey. (Int -2)


Message History

You feel very sick.
Okay, then.
As you read the scroll of teleportation, it crumbles to dust.
You feel strangely unstable.
You feel sick. You block the spiny frog's attack.
Nikola warns, "If you see one of my golems, approach with caution, they bite."
Nikola mumbles some strange words.
Nikola blinks!
You feel very sick.
The spiny frog stings you but does no damage.
You enter the shallow water.
Moving in this stuff is going to be slow.
You feel very sick.
Roots burst forth from the earth!
The grasping roots grab you!
* * * LOW HITPOINT WARNING * * *
The grasping roots constrict you!! The spiny frog stings you.
* * * LOW HITPOINT WARNING * * *
The roots' grasp on you weakens, but your attempt to escape fails.
You feel sick. You block the spiny frog's attack.
You die...

♣..♣♣≈≈≈.≈≈≈.≈♣)♣♣
♣.≈♣♣≈≈≈.≈.♣....≈♣♣
♣.≈)♣...≈≈♣≈.≈≈≈≈≈♣
♣.≈).).≈≈..≈.≈.....♣
♣♣≈≈≈≈...≈.>....♣.... ≈≈
♣♣..≈♣≈†..§......♣.≈≈≈ ≈≈.♣♣♣
♣♣♣....♣≈≈..§≈≈[≈≈.♣♣≈.♣
..≈..♣♣.≈≈≈≈.§..≈≈.≈≈≈...♣♣♣..
♣.≈≈≈....f.≈.F@≈≈§≈.≈.≈≈≈..♣
♣.
.≈.♣≈≈≈≈≈D≈..♣..≈.≈≈..≈≈≈♣.♣
♣♣
♣.≈≈≈♣..≈≈.♣♣♣.≈.♣≈≈.≈.≈♣≈♣♣ ♣
♣.§§§...≈♣♣♣ ♣♣≈.♣≈♣≈≈.≈..≈♣♣♣
♣.♣♣♣♣♣.♣♣ ♣≈.♣♣.≈..≈≈≈≈...
♣♣♣ ..♣♣♣≈≈....≈≈♣≈ ..♣
♣≈≈≈≈♣....≈ .♣ ♣♣..≈≈.≈≈≈.
♣..♣ ♣♣≈..≈§≈≈♣


You could see a shambling mangrove, a seven-headed hydra and a spiny frog.

Vanquished Creatures
  Rupert (Lair:6)
  Jorgrun (Swamp:2)
  2 thorn hunters (Swamp:1)
  An ettin (Orc:2)
  Erolcha (D:10)
  2 ice dragons (IceCv)
  A rakshasa (D:14)
  Harold (D:11)
  A merfolk avatar (Lair:6)
  17 hydras
  4 two-headed ogres
  A shambling mangrove (Swamp:1)
  5 centaur warriors
  3 tengu warriors (D:14)
  2 death knights
  An ogre mage (D:13)
  5 alligators
  8 orc high priests (Orc:2)
  Urug (D:11)
  Sonja (D:11)
  8 spriggans
  A sixfirhy (Orc:2)
  3 skeletal warriors
  A spriggan druid (Swamp:3)
  2 unseen horrors
  2 sea snakes (Lair:6)
  A swamp dragon (Swamp:1)
  A gelid demonspawn (Orc:2)
  An infernal demonspawn (Orc:2)
  A lindwurm (Lair:4)
  A deep elf archer (D:13)
  A tengu zombie (D:15)
  A necromancer (D:15)
  5 deep elf magi
  A phantasmal warrior (D:14)
  A harpy (Lair:6)
  8 orc knights
  A wolf spider zombie (D:11)
  27 ugly things
  5 cyclopes
  4 orc sorcerers (Orc:2)
  A sphinx zombie (D:15)
  A wolf spider (D:14)
  7 elephants (Lair:6)
  4 centaur zombies
  A manticore (D:14)
  11 slime creatures (Swamp:1)
  2 ice statues (IceCv)
  2 rust devils (Orc:2)
  4 black mambas
  A black mamba (shapeshifter) (D:14)
  Psyche (D:11)
  A torpor snail (Lair:6)
  A gargoyle (D:15)
  A yaktaur zombie (D:15)
  11 rime drakes
  15 spiny frogs
  4 kobold demonologists (D:13)
  13 komodo dragons
  5 freezing wraiths
  A hellwing (Orc:2)
  A harpy zombie (D:13)
  A red devil (Orc:2)
  3 tengu conjurers (D:14)
  A meliai (D:14)
  7 trolls
  A jumping spider (Lair:4)
  7 polar bears
  16 blink frogs
  5 tyrant leeches
  8 bog bodies
  12 hornets
  4 hippogriffs
  7 dream sheep (Lair:6)
  A fire dragon skeleton (D:15)
  42 yaks
  A shadow (D:14)
  Sigmund (D:2)
  A ynoxinul (Orc:2)
  3 wyverns
  4 wraiths
  2 basilisks
  2 hogs (D:7)
  A human (D:7)
  4 vampire mosquitoes
  13 swamp worms
  A steam dragon (D:12)
  3 wargs
  2 acid dragons
  4 insubstantial wisps (Swamp:2)
  17 water moccasins
  6 porcupines
  Duvessa (D:5)
  2 phantoms
  18 ice beasts
  38 orc warriors
  4 sky beasts
  5 swamp drakes
  6 black bears (Lair:2)
  10 ogres
  A hornet zombie (D:13)
  A boggart (D:13)
  8 wolves
  27 centaurs
  13 crocodiles
  11 bullfrogs
  11 big kobolds
  Blork the orc (D:5)
  Dowan (D:5)
  3 wyvern skeletons
  6 killer bees
  3 scorpions
  8 wights
  7 electric eels
  4 howler monkeys
  5 crimson imps
  A bullfrog zombie (D:5)
  3 jellies
  32 orc priests
  10 centaur skeletons
  11 hounds
  29 orc wizards
  3 bullfrog skeletons
  2 iguanas
  11 worker ants
  6 hell rats (Lair:4)
  A killer bee zombie (D:6)
  A worker ant zombie (D:9)
  Robin (D:2)
  A howler monkey zombie (D:8)
  10 adders
  3 howler monkey skeletons
  2 shadow imps
  An ooze (D:4)
  2 adder skeletons
  4 worms (D:2)
  A dart slug (D:5)
  3 leopard geckos
  73 orcs
  4 ball pythons
  3 giant cockroaches
  21 goblins
  16 hobgoblins
  20 jackals
  36 kobolds
  6 quokkas
  8 bats
  7 frilled lizards
  A leopard gecko zombie (D:7)
  6 rats
  A fungus (Lair:5)
  A plant (Lair:2)
938 creatures vanquished.

Vanquished Creatures (others)
  A swamp drake (Swamp:3)
  An orc (D:4)
  3 bushes (Lair:6)
  15 fungi
  16 plants (Lair:6)
36 creatures vanquished.

Grand Total: 974 creatures vanquished

Notes
Turn   | Place    | Note
-------+----------+-------------------------------------------
     0 | D:1      | KamiKatze the Vine Stalker Fighter began the quest for the
                  | Orb.
     0 | D:1      | Reached XP level 1. HP: 11/11 MP: 2/2
   112 | D:1      | Reached skill level 2 in Short Blades
   136 | D:1      | Reached XP level 2. HP: 14/16 MP: 3/3
   400 | D:1      | Reached XP level 3. HP: 19/19 MP: 4/4
   789 | D:2      | Noticed Robin
   800 | D:2      | Killed Robin
   812 | D:2      | Gained mutation: Your natural rate of healing is unusually
                  | fast. [Vine Stalker growth]
   812 | D:2      | Reached XP level 4. HP: 18/24 MP: 5/5
  1137 | D:2      | Reached skill level 3 in Short Blades
  1365 | D:2      | Noticed Sigmund
  1371 | D:2      | Killed Sigmund
  1371 | D:2      | Reached XP level 5. HP: 28/28 MP: 6/6
  1371 | D:2      | Reached XP level 6. HP: 32/32 MP: 7/7
  1821 | D:3      | Reached skill level 4 in Short Blades
  2456 | D:3      | Found a glowing silver altar of Zin.
  2904 | D:4      | Found a shattered altar of Ashenzari.
  3020 | D:4      | Found a sparkling altar of Nemelex Xobeh.
  3118 | D:4      | Found a hide-covered altar of Uskayaw.
  3128 | D:4      | Became a worshipper of Uskayaw the Reveler
  3139 | D:4      | Reached * piety under Uskayaw
  3224 | D:4      | Reached ** piety under Uskayaw
  3272 | D:4      | Reached XP level 7. HP: 37/37 MP: 8/8
  3400 | D:4      | Found a staircase to the Ecumenical Temple.
  3409 | Temple   | Entered the Ecumenical Temple
  3601 | D:4      | Reached skill level 1 in Dodging
  3601 | D:4      | Reached skill level 1 in Invocations
  3603 | D:4      | Gained mutation: You have a somewhat thin skeletal
                  | structure. (Dex +2, Stealth) [potion of mutation]
  3603 | D:4      | Gained mutation: You possess an exceptional clarity of
                  | mind. [potion of mutation]
  3603 | D:4      | Gained mutation: You are dopey. (Int -2) [potion of
                  | mutation]
  3603 | D:4      | Gained mutation: Your flesh is cold resistant. (rC+)
                  | [potion of mutation]
  3751 | D:5      | Entered Level 5 of the Dungeon
  3804 | D:5      | Reached *** piety under Uskayaw
  3881 | D:5      | Reached skill level 5 in Short Blades
  4019 | D:5      | Gained mutation: You have razor-sharp teeth. [Vine Stalker
                  | growth]
  4019 | D:5      | Reached XP level 8. HP: 42/42 MP: 10/10
  4026 | D:5      | Noticed Blork the orc
  4031 | D:5      | Killed Blork the orc
  4068 | D:5      | Found a hazy altar of Hepliaklqana.
  4186 | D:5      | Reached **** piety under Uskayaw
  4263 | D:5      | Noticed Duvessa
  4263 | D:5      | Noticed Dowan
  4277 | D:5      | Killed Duvessa
  4280 | D:5      | Killed Dowan
  4764 | D:6      | Found an iron altar of Okawaru.
  4787 | D:6      | Found a glowing golden altar of the Shining One.
  4803 | D:6      | Reached skill level 6 in Short Blades
  4810 | D:6      | Reached XP level 9. HP: 46/46 MP: 12/12
  4841 | D:6      | Reached skill level 5 in Fighting
  4841 | D:6      | Reached skill level 5 in Shields
  5647 | D:6      | Found an ancient bone altar of Kikubaaqudgha.
  6020 | D:7      | Found a white marble altar of Elyvilon.
  6022 | D:7      | Found an ornate altar of the Wu Jian Council.
  6065 | D:7      | Found a sacrificial altar of Ru.
  6143 | D:7      | Found Wofucvet's Magic Scroll Emporium.
  6157 | D:7      | Found a radiant altar of Vehumet.
  6259 | D:7      | Reached skill level 7 in Short Blades
  6259 | D:7      | Reached skill level 5 in Armour
  6261 | D:7      | Reached ***** piety under Uskayaw
  6267 | D:7      | Reached XP level 10. HP: 38/52 MP: 14/14
  7731 | D:9      | Noticed a cyan ugly thing
  7750 | D:9      | Killed a cyan ugly thing
  7766 | D:9      | Reached skill level 8 in Short Blades
  7797 | D:9      | Found a shimmering blue altar of Sif Muna.
  8210 | D:9      | Reached skill level 5 in Invocations
  8401 | D:9      | Found a basalt altar of Yredelemnul.
  8435 | D:10     | Entered Level 10 of the Dungeon
  8490 | D:10     | Found a staircase to the Orcish Mines.
  9233 | D:11     | Noticed Erolcha
  9235 | D:11     | Noticed a white ugly thing
  9253 | D:10     | Killed Erolcha
  9253 | D:10     | Reached XP level 11. HP: 42/58 MP: 13/16
  9325 | D:10     | Killed a white ugly thing
  9409 | D:11     | Noticed Urug
  9409 | D:11     | Noticed a cyan ugly thing
  9409 | D:11     | Noticed a red ugly thing
  9409 | D:11     | Noticed a purple ugly thing
  9409 | D:11     | Noticed a purple ugly thing
  9421 | D:10     | Killed a cyan ugly thing
  9458 | D:11     | Noticed Psyche
  9465 | D:10     | Reached skill level 9 in Short Blades
  9536 | D:10     | Reached skill level 5 in Dodging
  9605 | D:11     | Noticed a five-headed hydra
  9670 | D:10     | HP: 1/58 [red ugly thing (15)]
  9741 | D:10     | Killed a red ugly thing
  9858 | D:10     | Killed a green ugly thing
  9878 | D:10     | Killed a green ugly thing
  9932 | D:11     | Noticed a death knight
 10024 | D:11     | Noticed Sonja
 10080 | Orc:1    | Entered Level 1 of the Orcish Mines
 10154 | Orc:1    | Found Faixzust's Weapon Boutique.
 10276 | Orc:2    | Entered Level 2 of the Orcish Mines
 10305 | Orc:2    | Found a staircase to the Elven Halls.
 10594 | Orc:1    | Noticed an orc knight
 10595 | Orc:1    | Noticed an orc knight
 10691 | Orc:1    | Killed an orc knight
 10691 | Orc:1    | Gained mutation: You heal very quickly. [Vine Stalker
                  | growth]
 10691 | Orc:1    | Reached XP level 12. HP: 35/63 MP: 13/17
 10831 | Orc:2    | Reached skill level 10 in Short Blades
 11225 | Orc:2    | Found a radiant altar of Vehumet.
 11476 | Orc:2    | Noticed an orc high priest
 11500 | Orc:2    | Killed an orc high priest
 11530 | Orc:2    | Reached skill level 10 in Invocations
 11530 | Orc:2    | Reached XP level 13. HP: 67/67 MP: 18/22
 11531 | Orc:2    | Reached skill level 12 in Short Blades
 11531 | Orc:2    | Reached XP level 14. HP: 72/72 MP: 18/23
 12181 | Orc:2    | Found Ageoh's Magic Scroll Shop.
 12283 | Orc:2    | Found Wucunirr's General Store.
 12511 | Orc:2    | Bought a scroll of magic mapping for 35 gold pieces
 12648 | Orc:2    | Reached skill level 1 in Evocations
 12825 | Orc:2    | Reached ****** piety under Uskayaw
 13244 | Orc:2    | Found Zuux's Gadget Shoppe.
 13244 | Orc:2    | Found Douphogo's Antique Armour Emporium.
 13244 | Orc:2    | Found a one-way gate leading to the halls of Pandemonium.
 13386 | D:11     | Killed Sonja
 13577 | D:11     | Reached XP level 15. HP: 48/77 MP: 20/24
 13604 | D:11     | Killed Urug
 13937 | D:11     | Killed Psyche
 14009 | D:11     | Found a staircase to the Lair.
 14420 | D:11     | Noticed Harold
 14441 | D:11     | Killed Harold
 14501 | Lair:1   | Entered Level 1 of the Lair of Beasts
 14978 | Lair:1   | Found a transporter.
 14984 | Lair:1   | Identified the +6 short sword of Peotulypt {distort, rF+
                  | Int+3 Dex-2}
 15046 | Lair:1   | Found a one-way gate to the infinite horrors of the Abyss.
 15057 | Lair:1   | Noticed wojtek's ghost (novice MiFi)
 15067 | Lair:1   | Found a transporter.
 15388 | Lair:2   | Found a frozen archway.
 15398 | Lair:2   | Reached skill level 13 in Short Blades
 15412 | IceCv    | Entered an ice cave
 16716 | Lair:3   | Found a runed translucent door.
 16766 | Lair:3   | Found a runed translucent door.
 17428 | Lair:3   | Noticed Viskam's ghost (journeyman DDNe)
 17458 | Lair:4   | Found a hole to the Spider Nest.
 18028 | Lair:4   | Found a staircase to the Swamp.
 19139 | Lair:6   | Entered Level 6 of the Lair of Beasts
 19383 | Lair:6   | Reached XP level 16. HP: 84/84 MP: 25/25
 19438 | Lair:6   | Noticed Rupert
 19458 | Lair:6   | Killed Rupert
 19643 | Lair:6   | Reached skill level 14 in Short Blades
 19721 | Lair:6   | Found a viscous altar of Jiyva.
 19724 | Lair:6   | Found a staircase to the Slime Pits.
 20509 | D:12     | Found a runed translucent door.
 20569 | D:12     | Found a white marble altar of Elyvilon.
 20689 | D:12     | Got a masterwork chain mail
 20708 | D:12     | Identified the +4 chain mail "Uhuakem" {rPois} (You found
                  | it on level 12 of the Dungeon)
 21683 | D:13     | Found a gate to the Vaults.
 22131 | D:14     | Reached skill level 10 in Shields
 22163 | D:14     | Reached skill level 10 in Fighting
 22327 | D:14     | Reached XP level 17. HP: 89/89 MP: 27/27
 22520 | D:14     | Found a runed translucent door.
 22520 | D:14     | Found a runed translucent door.
 22560 | D:14     | Identified the cursed +1 flail of Gatzeofa {drain, +Rage
                  | rC+ MR+ Int-3}
 22581 | D:14     | Identified the +5 scimitar of Valoto Iloa {venom, Dex+6}
 23024 | D:15     | Entered Level 15 of the Dungeon
 23024 | D:15     | Found a staircase to the Depths.
 23198 | D:15     | Reached skill level 15 in Short Blades
 23547 | D:15     | Identified 3 scrolls of acquirement
 23547 | D:15     | Acquired a manual of Shields
 23554 | D:15     | Acquired 2610 gold pieces
 23556 | D:15     | Acquired a manual of Dodging
 24215 | Orc:2    | Bought a glowing plate armour for 936 gold pieces
 24215 | Orc:2    | Bought a runed plate armour for 936 gold pieces
 24460 | Swamp:1  | Entered Level 1 of the Swamp
 24620 | Swamp:1  | HP: 3/90 [thorn hunter/volley of thorns (9)]
 24941 | Swamp:1  | Reached skill level 10 in Armour
 25084 | Swamp:1  | You fall into a shaft and drop 1 floor!
 25881 | Swamp:2  | Got a buzzing dagger
 25887 | Swamp:2  | Identified the cursed +3 dagger "Murmur" {vorpal, *Corrode
                  | rF+ Dex+4 Stlth+} (You found it on level 2 of the Swamp)
 26371 | Swamp:3  | Noticed Jorgrun
 26397 | Swamp:2  | Killed Jorgrun
 26397 | Swamp:2  | Reached skill level 10 in Dodging
 26441 | Swamp:3  | Reached XP level 18. HP: 96/96 MP: 29/29
 26577 | Swamp:3  | Noticed Nikola
 26583 | Swamp:3  | Slain by a shambling mangrove

Illustrated notes

Levels and vault maps discovered:
D:1:      psy_arrival_fountain, layout_basic, hangedman_glass_teeth
D:2:      layout_basic, uniq_robin, uniq_sigmund
D:3:      layout_basic, zin_statuary, guppyfry_early_lair_pool
D:4:      layout_loops_cross, overflow_temple_1_default,
          eat_drink_and_be_merry_uskayaw, ashenzari_conservatory_becter,
          lemuel_temple_firewalk_a
D:5:      layout_basic, lemuel_doored_altar, first_ration, uniq_duvessa,
          uniq_blork_the_orc
D:6:      cheibrodos_thug_alley, layout_gridville, tso_metal_star,
          lemuel_crystal_altar, okawaru_ov_weapons_minmay,
          minmay_a_box_with_orc_wizards_in_it
D:7:      layout_basic, nicolae_overflow_crystal_walls,
          nicolae_overflow_hidden_temple, serial_shops, shop, grunt_livestock,
          grunt_ministairs_7, kennysheep_boxes
D:8:      layout_basic
D:9:      corexii_shack_village, layout_long_grid, lemuel_round_altar,
          lemuel_coloured_pillars_altar, hangedman_decor_peaks_small
D:10:     layout_gridville, orc_0_dummy
D:11:     layout_long_grid, erik_lair_island, gauntlet_entry_generic,
          uniq_erolcha, uniq_urug, uniq_psyche, uniq_harold, uniq_sonja
D:12:     layout_irregular_city, chequers_serial_rivers_small_b,
          lemuel_angel_altar
D:13:     layout_loops_cross, hangedman_vaults_entry_quadrant_bands,
          serial_bayou_pond_d
D:14:     minmay_the_grid_triangle_9x9_line_8_mashed
          [minmay_the_grid_triangle_9x9_minimal,
          minmay_the_grid_triangle_9x9_tough_junction,
          minmay_the_grid_triangle_9x9_corrupted_corridor,
          minmay_the_grid_triangle_9x9_warning,
          minmay_the_grid_triangle_9x9_intruding_spiral,
          minmay_the_grid_triangle_9x9_sparse_checkered,
          minmay_the_grid_triangle_9x9_flanged_cone,
          minmay_the_grid_triangle_9x9_prize_schism], layout_rooms
D:15:     gammafunk_depths_entry_grave, layout_loops_cross,
          roderic_lattice_octagonal_star, grunt_ministairs_1
Temple:   corrupted_temple
Lair:1:   layout_regular_city, gammafunk_ghost_abyssal_escape
Lair:2:   beast_lair_carwin_large_3, layout_concentric_octagons,
          portal_ice_cave_rime, lemuel_fruit_tree, serial_bayou_shore_a
Lair:3:   gammafunk_mikee_crab_dinner, layout_long_grid,
          ebering_ghost_reflecting_pool
Lair:4:   layout_gridlike, swamp_mist_pool, spider_nest_entry_rubble
Lair:5:   layout_regular_city
Lair:6:   gammafunk_lair_ancient_temple, layout_loops_ring, slime_altar_1,
          minmay_lair_oklob_chamber, serial_bayou_shore_b, lemuel_fruit_fields,
          uniq_rupert
Swamp:1:  layout_falls_marsh, infiniplex_staircase_pool
Swamp:2:  layout_falls_marsh, evilmike_swamp_ruin_rubble_1
Swamp:3:  layout_falls_marsh, hangedman_swamp_lotus, swamp_pool1,
          uniq_bai_suzhen, uniq_nikola, uniq_jorgrun
Orc:1:    layout_diamond_mine, serial_shops, shop
Orc:2:    pf_orc_diabolical, layout_caves, basic_altar

Skill      XL: |  1  2  3  4  5  6  7  8  9 10 11 12 13 14 15 16 17 |
---------------+----------------------------------------------------+-----
Short Blades   | 2 3 4 5 6 7 8 9 10 12 13 14 15 | 15.0
Shields        | 3 4 5 6 7 8 9 10 11 | 11.7
Fighting       | 3 4 5 6 7 8 9 10 11 | 11.1
Armour         | 3 4 5 6 7 8 9 10 | 10.3
Dodging        | 1 2 3 4 5 6 7 8 10 | 10.2
Invocations    | 1 3 4 5 6 10 11 12 13 | 13.5
Evocations     | 4 |  4.0

Action                   |  1- 3 |  4- 6 |  7- 9 | 10-12 | 13-15 | 16-18 || total
-------------------------+-------+-------+-------+-------+-------+-------++-------
Melee: Rapier            |    78 |   216 |   377 |   775 |  1390 |  1506 ||  4342
       Bite              |    20 |    62 |   138 |   316 |   679 |   754 ||  1969
Throw: Dart              |       |       |     5 |    17 |    26 |     4 ||    52
Invok: Stomp             |       |       |     1 |       |       |       ||     1
       Grand Finale      |       |       |       |       |       |     2 ||     2
Evoke: Wand              |       |       |       |       |    18 |       ||    18
  Use: Potion            |       |     1 |     3 |     2 |     1 |       ||     7
       Scroll            |       |       |     1 |     8 |    17 |    10 ||    36
 Stab: Paralysed         |       |       |    13 |    34 |    52 |    93 ||   192
       Sleeping          |       |       |     2 |     4 |       |       ||     6
       Confused          |       |       |       |       |       |     2 ||     2
  Eat: Chunk             |       |     8 |    10 |    18 |    26 |    26 ||    88
Armor: Scale mail        |    20 |    96 |   137 |   227 |       |       ||   480
       Chain mail        |       |       |       |    54 |   384 |   448 ||   886
Dodge: Dodged            |    15 |    39 |    93 |   265 |   327 |   418 ||  1157
Block: Kite shield       |    31 |    95 |   145 |   436 |   532 |   622 ||  1861
